Map: Dusk Towers

Players

Snuffe

  • Race: Zerg Zerg
  • League: Grandmaster

БольшойБОСС - Winner!

  • Race: Terran Terran
  • League: Grandmaster

Event: Gauntlet LotV Series 1 Qualifier 2

VOD

Have the link to the VOD?

Description

Time

  • Played on: Dec. 5, 2015, 2:09 p.m.
  • Length: 13:05

All games in this series

Show
View Real Time Build Order
Export as new Build Order

Snuffe Zerg 

Build Orders: Hatch First 

Get SALT Encoding   

  12  0:00  Drone  
  13  0:12  Overlord  
  13  0:17  Drone  
  14  0:24  Drone, Extractor  
  15  0:31  Drone  
  16  0:36  Drone  
  17  0:52  Hatchery  
  17  0:54  Drone  
  17  0:58  Drone  
  18  1:08  Extractor  
  17  1:12  Spawning Pool  
  17  1:15  Drone  
  17  1:18  Drone  
  18  1:28  Drone  
  19  1:38  Overlord  
  19  1:51  Drone  
  20  1:59  Queen  
  20  2:00  Zergling x2  
  23  2:04  Zergling x2, Queen  
  26  2:09  Metabolic Boost  
  26  2:13  Drone  
  27  2:20  Drone  
  28  2:24  Drone  
  29  2:30  Drone  
  29  2:34  Drone  
  31  2:37  Queen  
  31  2:40  Overlord  
  31  2:42  Queen  
  35  2:46  Drone  
  36  2:57  Overlord  
  36  2:59  Drone  
  36  3:05  Drone x2  
  38  3:10  Drone x2  
  38  3:11  Drone x2  
  43  3:16  Drone x3  
  46  3:24  Overlord  
  46  3:27  Drone  
  47  3:38  Extractor  
  46  3:41  Queen  
  46  3:42  Overlord, Queen  
  46  3:46  Hatchery, Drone x2  
  46  3:48  Drone  
  52  3:53  Zergling x10  
  56  4:05  Roach Warren, Extractor x2  
  56  4:08  Drone  
  54  4:10  Spore Crawler  
  54  4:11  Drone x2  
  54  4:23  Drone x2  
  54  4:24  Drone x2  
  58  4:26  Spore Crawler  
  57  4:36  Drone x3  
  57  4:38  Overlord  
  60  4:40  Spore Crawler  
  57  4:47  Lair  
  57  4:50  Roach  
  57  4:51  Overlord  
  59  4:53  Overlord  
  59  4:57  Queen  
  61  5:00  Roach x3  
  61  5:01  Roach x2  
  61  5:05  Extractor  
  70  5:13  Drone  
  70  5:14  Drone  
  72  5:15  Drone x3  
  72  5:16  Drone x2  
  75  5:29  Drone x3, Queen  
  80  5:36  Overlord  
  80  5:40  Drone  
  80  5:41  Overlord x2  
  81  5:44  Glial Reconstitution  
  81  5:49  Overseer  
  81  5:58  Ravager x5  
  81  6:00  Drone x3  
  84  6:11  Roach  
  84  6:17  Overlord  
  88  6:18  Roach x7  
  88  6:19  Roach  
  88  6:25  Overlord  
  98  6:28  Roach x4  
  106  6:36  Overlord  
  106  6:40  Evolution Chamber  
  106  6:41  Extractor  
  106  6:42  Evolution Chamber, Extractor  
  106  6:43  Overseer  
  102  6:48  Overlord  
  102  6:49  Drone x4  
  106  6:58  Drone x5  
  106  6:59  Drone x5  
  116  7:07  Overlord  
  116  7:08  Drone x2, Zerg Ground Armor Level 1  
  118  7:09  Zerg Missile Weapons Level 1  
  117  7:21  Drone x2  
  117  7:22  Overlord  
  118  7:23  Overlord  
  118  7:29  Overlord  
  118  7:31  Pneumatized Carapace  
  118  7:35  Hatchery, Roach x2  
  121  7:55  Overlord x2  
  123  7:58  Roach x4  
  123  7:59  Roach x8  
  145  8:05  Overlord  
  145  8:06  Overlord  
  145  8:10  Infestation Pit  
  144  8:16  Overlord x2  
  144  8:18  Drone x2  
  146  8:29  Overlord x4  
  146  8:31  Drone x6  
  152  8:46  Extractor  
  152  8:47  Hive  
  149  8:48  Pathogen Glands  
  149  8:49  Extractor  
  149  8:53  Overlord  
  149  8:54  Roach x8  
  163  9:03  Drone x2  
  163  9:05  Zerg Ground Armor Level 2, Zerg Missile Weapons Level 2  
  165  9:12  Drone x3  
  165  9:13  Drone x2  
  170  9:23  Drone x2  
  171  9:25  Roach x7  
  171  9:31  Ravager x7  
  184  10:03  Spine Crawler, Roach  
  184  10:04  Spine Crawler, Roach x12  
  184  10:05  Roach x2  
  166  10:10  Roach x3  
  166  10:12  Roach  
  166  10:13  Ultralisk Cavern, Roach x2  
  166  10:14  Queen  
  163  10:16  Ravager x8  
  163  10:19  Roach x3  
  181  10:21  Roach  
  181  10:25  Roach  
  183  10:31  Roach x2  
  183  10:33  Roach  
  171  10:36  Roach x2  
  170  10:48  Evolution Chamber  
  155  11:04  Chitinous Plating  
  155  11:07  Ultralisk x3  
  155  11:09  Hatchery  
  152  11:19  Zergling x2  
  152  11:20  Zergling x40  
  173  11:29  Viper  
  176  11:42  Extractor  
  176  11:44  Viper  
  176  11:46  Extractor  
  177  11:54  Ultralisk  
  183  12:06  Spire  
  183  12:08  Spine Crawler  
  175  12:10  Spine Crawler  
  175  12:13  Ultralisk  
  175  12:14  Roach  
  175  12:15  Roach x3  
  159  12:21  Roach  
  159  12:22  Roach x5  
  140  12:24  Zergling x4  
  139  12:30  Roach x3  
  139  12:33  Roach x5  
Show
View Real Time Build Order
Export as new Build Order

БольшойБОСС Terran - Winner!

Build Orders: Liberator Opening, Reaper Expand, Bio Tank 

Get SALT Encoding   

  12  0:00  SCV  
  13  0:13  SCV  
  14  0:17  Supply Depot  
  14  0:25  SCV  
  15  0:39  SCV  
  15  0:40  Barracks  
  16  0:46  Refinery  
  16  0:51  SCV  
  17  1:03  SCV  
  18  1:15  SCV  
  19  1:27  Orbital Command  
  19  1:29  Reaper  
  20  1:40  Command Center  
  20  1:50  Supply Depot  
  20  1:53  SCV  
  21  1:57  Refinery  
  21  2:01  Marine  
  22  2:05  SCV  
  23  2:14  Factory  
  23  2:17  SCV  
  24  2:25  Barracks Reactor  
  24  2:29  SCV  
  25  2:41  SCV  
  26  2:53  SCV, Orbital Command  
  27  2:59  Starport  
  27  3:05  SCV, Hellion x2  
  31  3:12  Barracks Reactor  
  32  3:17  SCV  
  33  3:23  SCV  
  33  3:26  Hellion x2  
  38  3:29  Supply Depot  
  38  3:30  SCV  
  38  3:31  Refinery  
  39  3:36  SCV  
  40  3:41  Liberator  
  40  3:42  SCV, Liberator  
  40  3:48  SCV  
  42  3:54  SCV  
  43  3:57  Hellion x2  
  43  4:00  SCV  
  54  4:04  Supply Depot  
  54  4:07  Barracks Tech Lab  
  54  4:19  Supply Depot  
  54  4:24  Liberator x2  
  54  4:26  SCV x2, Barracks  
  54  4:27  Barracks  
  54  4:28  Factory Reactor  
  56  4:31  Refinery, Marine  
  59  4:38  SCV x2  
  65  4:48  Supply Depot  
  65  4:49  Marine  
  65  4:50  SCV x2  
  68  4:56  Stimpack  
  68  5:02  SCV x2  
  70  5:12  Liberator  
  70  5:14  Command Center, Factory Tech Lab, SCV  
  70  5:17  Marine  
  70  5:18  SCV, Marine  
  70  5:19  Marine  
  75  5:23  Marine  
  77  5:28  SCV  
  77  5:32  Supply Depot  
  77  5:35  Engineering Bay  
  77  5:38  Liberator  
  77  5:39  Marine  
  77  5:40  Engineering Bay  
  77  5:42  Marine x2  
  77  5:50  Supply Depot, SCV  
  77  5:54  Siege Tank  
  84  5:59  Supply Depot, Marine  
  85  6:05  Terran Infantry Weapons Level 1  
  85  6:08  Terran Infantry Armor Level 1  
  85  6:09  Marine x2  
  85  6:10  Marine  
  85  6:11  Marine  
  85  6:17  Marine  
  84  6:23  Barracks  
  84  6:24  Barracks  
  84  6:27  Marine  
  84  6:29  Siege Tank  
  88  6:33  Marine  
  88  6:35  Orbital Command  
  88  6:36  SCV  
  90  6:41  Medivac  
  90  6:42  Medivac  
  90  6:46  Marine x2  
  96  6:49  Supply Depot  
  96  6:51  Armory  
  96  6:54  Marine  
  96  6:55  Marine  
  96  6:57  Combat Shields  
  96  6:58  Orbital Command  
  96  7:01  Marine  
  99  7:02  SCV  
  99  7:04  Marine  
  101  7:09  Marine  
  101  7:10  Marine  
  101  7:11  Barracks Reactor  
  103  7:16  Siege Tank, Marine  
  103  7:21  SCV  
  103  7:22  Marine x2  
  110  7:23  Medivac x2  
  110  7:24  SCV x2  
  116  7:33  SCV  
  116  7:36  SCV x2  
  119  7:39  Supply Depot  
  119  7:42  Supply Depot  
  119  7:43  Refinery  
  119  7:44  Barracks Reactor  
  119  7:45  SCV  
  119  7:49  Siege Tank, Marine  
  119  7:50  SCV  
  125  7:54  Refinery  
  125  7:58  Terran Vehicle Weapons Level 1  
  125  8:00  Supply Depot x2  
  125  8:01  SCV  
  125  8:02  Marine  
  125  8:03  Factory  
  127  8:05  Terran Infantry Weapons Level 2  
  127  8:06  Marine  
  127  8:10  SCV  
  127  8:11  SCV  
  127  8:12  Marine  
  130  8:13  Marine x2  
  130  8:17  Marine  
  130  8:18  Marine  
  134  8:20  Terran Infantry Armor Level 2  
  134  8:22  SCV, Supply Depot  
  134  8:23  SCV  
  134  8:24  Supply Depot  
  134  8:25  Marine  
  134  8:26  Marine x2  
  138  8:33  Siege Tank, Marine  
  143  8:36  Marauder  
  143  8:40  Marine, Medivac  
  148  8:41  Marine  
  148  8:45  Marine  
  148  8:46  Medivac  
  152  8:48  Factory Tech Lab  
  152  8:50  Supply Depot  
  152  8:53  Marine  
  152  8:54  Marine  
  154  8:55  Marine x2  
  154  8:56  Marine  
  154  8:57  Marine  
  154  9:01  Marine  
  156  9:08  Marine  
  156  9:09  Siege Tank  
  160  9:10  Command Center  
  160  9:14  Siege Tank  
  160  9:15  Marauder  
  160  9:17  Marine  
  165  9:18  Medivac x2  
  165  9:23  Marine  
  168  9:32  Supply Depot  
  168  9:33  Missile Turret  
  168  9:37  Marine, Marauder  
  171  9:42  Marine  
  171  9:43  Marine x2  
  174  9:46  Siege Tank  
  174  9:47  Marine  
  174  9:48  Barracks  
  174  9:50  Marine  
  174  9:52  Medivac  
  181  9:56  Supply Depot  
  181  9:58  Marauder  
  181  9:59  Marine  
  177  10:00  Marine  
  177  10:01  Marine  
  177  10:03  Marine  
  177  10:04  Marine  
  177  10:06  Marine  
  148  10:11  Marine  
  148  10:12  Marine  
  150  10:17  Marine  
  150  10:18  Marine  
  150  10:19  Marauder, Siege Tank x2, Marine  
  150  10:20  Terran Vehicle Weapons Level 2, Marine  
  162  10:23  Medivac x2  
  162  10:25  Marine  
  167  10:28  Marine  
  167  10:29  Marine  
  167  10:32  Marine  
  167  10:34  Marine  
  167  10:35  Marine  
  148  10:37  Marine x2  
  148  10:41  Marauder  
  142  10:46  Marine  
  142  10:49  Marine  
  144  10:50  Marine  
  144  10:51  Marine  
  144  10:54  Marine x2  
  144  10:55  Barracks Tech Lab  
  146  10:58  Marine  
  146  11:00  Siege Tank, Marine  
  146  11:09  Concussive Shells  
  140  11:12  Marine  
  140  11:13  Marine x4  
  140  11:14  Marauder  
  147  11:20  Planetary Fortress  
  147  11:22  SCV  
  147  11:24  Siege Tank  
  151  11:27  Marine x2  
  151  11:32  Refinery  
  153  11:34  Siege Tank  
  153  11:35  Marauder  
  158  11:43  Marine x2  
  158  11:44  Marauder  
  158  11:45  Marine  
  158  11:46  Marine  
  164  11:50  Medivac x2  
  164  11:52  Marine x2  
  164  11:53  Marine  
  171  11:54  Marine  
  171  11:56  Marauder  
  171  12:00  Siege Tank  
  171  12:01  Marine x2  
  177  12:03  Marine  
  177  12:04  Marine  
  177  12:05  Marauder  
  183  12:09  Marine  
  183  12:13  Marine  
  183  12:14  Marine  
  183  12:15  Marine  
  158  12:17  Marauder  
  158  12:19  Marine  
  147  12:23  Marine  
  147  12:24  Ghost Academy  
  147  12:26  Marauder  
  144  12:30  Marine x2  
  144  12:31  Marine x2  
  144  12:32  Siege Tank x2, Medivac  
  152  12:37  Marine  
  152  12:39  Marauder  
Tags
 
Add a new tag
Caveats
  • Supply blocks, unpowered buildings, or Contaminate may cause inaccurate times.
  • Supply counts are checked every 10 seconds.